 Dungeon Crawl Stone Soup version 0.31-a0-1405-g2bb1a01664 (webtiles) character file.

Game seed: 11068331545826687059

237 Curundu the Slasher (level 5, -1/47 HPs)
             Began as a Minotaur Berserker on Dec 25, 2023.
             Was a Believer of Trog.
             Splashed by a jelly's acid (8 damage)
             ... on level 4 of the Dungeon.
             The game lasted 00:11:57 (2153 turns).

Curundu the Slasher (Minotaur Berserker)            Turns: 2153, Time: 00:11:57

Health: -1/47      AC: -6    Str: 24    XL:     5   Next: 77%
Magic:  4/4        EV: 11    Int:  4    God:    Trog [**....]
Gold:   87         SH:  0    Dex:  9    Spells: 4/4 levels left

rFire   . . .        a - +0 falchion
rCold   . . .        (no shield)
rNeg    . . .        g - +0 ring mail
rPois   .            (helmet restricted)
rElec   .            l - scarf {+Inv}
rCorr   .            (no gloves)
SInv    .            (no boots)
Will    .....        (no amulet) Stlth
                     (no ring)
HPRegen 0.27/turn    (no ring)
MPRegen 0.09/turn

%: no passive effects
@: corroded
A: horns 2, retaliatory headbutt
a: Renounce Religion, Evoke Invisibility, Berserk, Trog's Hand


You were on level 4 of the Dungeon.
You worshipped Trog.
Trog was pleased with you.
You visited 1 branch of the dungeon, and saw 4 of its levels.

You collected 87 gold pieces.

Inventory:

Hand Weapons
 a - a +0 falchion (weapon)
Missiles
 r - 5 javelins (quivered)
 s - 2 poisoned darts
Armour
 b - a +0 animal skin
 g - a +0 ring mail (worn)
 l - a scarf of invisibility (worn)
 n - a +0 cloak
Jewellery
 i - a ring of resist corrosion
Scrolls
 c - a scroll of blinking {unknown}
 d - 3 scrolls of torment {unknown}
 e - 2 scrolls of teleportation {unknown}
 h - 3 scrolls of identify {unknown}
 m - a scroll of fog {unknown}
 o - a scroll of immolation {unknown}
 p - a scroll of amnesia {unknown}
 q - a scroll of vulnerability {unknown}
Potions
 f - a potion of curing {unknown}
 j - 2 potions of mutation {unknown}
 k - 2 potions of heal wounds {unknown}


   Skills:
 + Level 4.7 Fighting
 + Level 5.9 Long Blades
 + Level 0.1 Throwing
 + Level 3.8 Armour
 + Level 3.2 Dodging
 + Level 0.1 Stealth


You had 4 spell levels left.
You didn't know any spells.
Your spell library was empty.

Dungeon Overview and Level Annotations

Branches:
Dungeon (4/15)
 Temple: D:4-7

Altars:
Nemelex Xobeh
Uskayaw

Shops:
D:1 =


Innate Abilities, Weirdness & Mutations

You have a pair of horns on your head.
You reflexively headbutt those who attack you in melee.


Message History

You completely miss the endoplasm. You headbutt the endoplasm.
The endoplasm is heavily wounded.
The endoplasm hits you but does no damage.
You hit the endoplasm.
You kill the endoplasm!
Trog accepts your kill.
Found a book of Spatial Translocations.
A jelly comes into view.
Found a scroll labelled PYRANO PAGG and a dark potion.
A kobold comes into view. It is wielding a +0 dagger.
The kobold shouts!
You hear an angry hiss. 2 goblins and a ball python come into view.
Found 19 gold pieces.
Found a stone staircase leading down.
The goblin shouts! x2; The ball python hisses angrily.
The jelly hits you but does no damage.
You hit the jelly. The acid corrodes you!
Your hands burn!
The jelly is lightly wounded.
The jelly hits you.
You are splashed with acid!
You hit the jelly.
Your hands burn!
The jelly is moderately wounded.
The jelly closely misses you. The kobold misses you.
You barely miss the jelly.
The jelly is moderately wounded.
The jelly hits you. The acid corrodes you!
You are splashed with acid.
The kobold barely misses you.
You hit the jelly but do no damage. The acid corrodes you!
Your hands burn!
The jelly is moderately wounded.
The kobold barely misses you. The jelly hits you.
You are splashed with acid.
You hit the jelly.
Your hands burn!
The jelly is heavily wounded.
The kobold closely misses you. The goblin hits you with a +0 club.
* * * LOW HITPOINT WARNING * * *
The jelly closely misses you.
You hit the jelly but do no damage.
Your hands burn!
* * * LOW HITPOINT WARNING * * *
The jelly is heavily wounded.
The jelly hits you.
* * * LOW HITPOINT WARNING * * *
You are splashed with acid!
You die...

#....>$..# ..
#........#..
#........#.#
#........#.#
.....!?....#
#.....Sg..#
#.....KJg# #@.#
##..# ##...# .#
#...## #. ..
###.#.# ... #.###
#...#.#..#.
#....##..........
#......)......
##............


You could see a jelly, 2 goblins, a ball python and a kobold.

Vanquished Creatures
  A bombardier beetle (D:3)
  A sleepcap (D:3)
  An iguana (D:4)
  Natasha (twice) (D:3)
  4 adders (D:2)
  A worm (D:2)
  2 dart slugs
  5 endoplasms
  A giant cockroach (D:4)
  6 goblins
  7 hobgoblins
  6 jackals
  5 kobolds
  A quokka (D:2)
  7 ball pythons
  6 bats
  2 frilled lizards
  5 rats
63 creatures vanquished.

Notes
Turn   | Place    | Note
-------+----------+-------------------------------------------
     0 | D:1      | Curundu the Minotaur Berserker began the quest for the Orb.
     0 | D:1      | Reached XP level 1. HP: 19/19 MP: 0/0
    93 | D:1      | Reached XP level 2. HP: 27/27 MP: 1/1
   129 | D:1      | Reached skill level 4 in Long Blades
   426 | D:1      | Found Tisobb's Jewellery Shop.
   599 | D:2      | Reached XP level 3. HP: 17/33 MP: 2/2
   776 | D:2      | Found a sparkling altar of Nemelex Xobeh.
   787 | D:2      | Reached ** piety under Trog
   883 | D:2      | Reached XP level 4. HP: 41/41 MP: 3/3
   946 | D:2      | Reached skill level 5 in Long Blades
  1380 | D:3      | Noticed Natasha
  1387 | D:3      | Killed Natasha
  1506 | D:3      | Found a hide-covered altar of Uskayaw.
  1613 | D:3      | Reached XP level 5. HP: 43/47 MP: 4/4
  1986 | D:3      | Noticed Natasha
  1992 | D:3      | Killed Natasha
  2153 | D:4      | Splashed by a jelly's acid

Illustrated notes

Levels and vault maps discovered:
D:1:      minmay_arrival_five_plusses, layout_rooms, serial_shops, shop
D:2:      layout_basic, basic_altar
D:3:      layout_rooms, nicolae_uskayaw_murder_on_the_dancefloor,
          serial_bayou_lake_a, uniq_natasha
D:4:      layout_rooms, uniq_sigmund

Skill      XL: |  1  2  3  4 |
---------------+-------------+-----
Fighting       | 4 |  4.7
Long Blades    | 4 5 |  5.9
Armour         | 3 |  3.8
Dodging        | 3 |  3.2
Throwing       | |  0.1
Stealth        | |  0.1

Action                     |  1- 3 |  4- 6 || total
---------------------------+-------+-------++-------
  Melee: Falchion          |    60 |    84 ||   144
         Headbutt          |     7 |    11 ||    18
  Throw: Javelin           |       |     3 ||     3
 Invoke: Trog's Hand       |       |     1 ||     1
 Armour: Animal skin       |    32 |       ||    32
         Ring mail         |    17 |    75 ||    92
  Dodge: Dodged            |    63 |    65 ||   128

Table legend: (Time is in decaauts)
 A = Elapsed time spent in this place.
 B = Non-inter-level travel time spent in this place.
 C = Inter-level travel time spent in this place.
 D = Time resting spent in this place.
 E = Time spent auto-exploring this place.
 F = Levels seen in this place.
 G = Mean time per level.
                   A        B        C        D        E       F      G
               +--------+--------+--------+--------+--------+-----+--------+
         Total |   2186 |   2186 |      0 |    159 |   1426 |   4 |  546.5 |
       Dungeon |   2186 |   2186 |      0 |    159 |   1426 |   4 |  546.5 |
               +--------+--------+--------+--------+--------+-----+--------+

Top non-repeatable levels by time:
     D:3: 891 daAuts
     D:2: 711 daAuts
     D:1: 542 daAuts
     D:4: 40 daAuts
